 Dungeon Crawl Stone Soup version 0.28.0-53-g5a82cb258f (webtiles) character file.

Game seed: 5782455258726953032

40731 Peloso the Fencer (level 13, -2/119 HPs)
             Began as a Minotaur Fighter on Aug 6, 2022.
             Was a High Priest of Okawaru.
             Killed by divine providence
             ... invoked by an orc high priest
              (13 damage)
             ... while paralysed by an orc sorcerer
             ... on level 2 of the Orcish Mines.
             The game lasted 00:43:45 (19946 turns).

Peloso the Fencer (Minotaur Fighter)               Turns: 19946, Time: 00:43:46

Health: -2/119     AC: 22    Str: 40    XL:     13   Next: 76%
Magic:  13/13      EV:  2    Int:  8    God:    Okawaru [*****.]
Gold:   558        SH:  0    Dex: 15    Spells: 12/12 levels left

rFire   + + .      SeeInvis .   a - +4 falchion "Killer Bee's Regret" {freeze, *Slow rElec Str+2 Int+3}
rCold   + + .      Faith    .   e - +2 buckler "Xiotay" {rF+ Str+4 Slay+3 Stlth+}
rNeg    . . .      Spirit   .   w - +4 chain mail "Nopp" {rPois Str+5}
rPois   +          Reflect  .   (helmet restricted)
rElec   +          Harm     .   t - scarf {rC+ rF+}
rCorr   .          Rampage  .   h - +1 pair of gloves
Will    .....                   S - +0 pair of boots
Stlth   ..........              J - amulet of regeneration
HPRegen 1.09/turn               q - ring of protection from cold
MPRegen 0.13/turn               G - ring of Reimbursement {*Slow Str+6 Dex+2 Slay+5}

@: paralysed
A: horns 2, retaliatory headbutt
a: Renounce Religion, Heroism, Finesse, Duel


You were on level 2 of the Orcish Mines.
You worshipped Okawaru.
Okawaru was extremely pleased with you.
You visited 4 branches of the dungeon, and saw 18 of its levels.
You also visited: Sewer.

You collected 1265 gold pieces.
You spent 707 gold pieces at shops.

Inventory:

Hand Weapons
 a - the +4 falchion "Killer Bee's Regret" (weapon) {freeze, *Slow rElec Str+2 Int+3}
   (Okawaru gifted it to you on level 1 of the Lair of Beasts)

   It freezes those it strikes, dealing additional cold damage.
   It can also slow down cold-blooded creatures.
   Str:       It affects your strength (+2).
   Int:       It affects your intelligence (+3).
   rElec:     It insulates you from electricity.
   *Slow:     It may slow you when you take damage.
 b - a +2 scimitar of electrocution
 c - a +2 whip of flaming
Armour
 e - the +2 buckler "Xiotay" (worn) {rF+ Str+4 Slay+3 Stlth+}
   (Okawaru gifted it to you on level 2 of the Lair of Beasts)

   Str:       It affects your strength (+4).
   Slay:      It affects your accuracy & damage with ranged weapons and melee
   (+3).
   rF:        It protects you from fire.
   Stlth:     It makes you more stealthy.
 h - a +1 pair of gloves (worn)
 t - a scarf of resistance (worn)
 v - a +1 chain mail of fire resistance
 w - the +4 chain mail "Nopp" (worn) {rPois Str+5}
   (You bought it in a shop on level 7 of the Dungeon)

   Str:       It affects your strength (+5).
   rPois:     It protects you from poison.
 x - a +2 plate armour of willpower
 S - a +0 pair of boots (worn)
Jewellery
 g - an amulet of faith
 q - a ring of protection from cold (left hand)
 s - a ring of wizardry
 G - the ring of Reimbursement (right hand) {*Slow Str+6 Dex+2 Slay+5}
   (You found it on level 6 of the Dungeon)

   [ring of strength]

   Str:       It affects your strength (+6).
   Dex:       It affects your dexterity (+2).
   Slay:      It affects your accuracy & damage with ranged weapons and melee
   (+5).
   *Slow:     It may slow you when you take damage.
 J - an amulet of regeneration (around neck)
 V - a ring of resist corrosion
Wands
 f - a wand of paralysis (11)
 n - a wand of iceblast (8)
 D - a wand of digging (1)
 L - a wand of flame (18)
Scrolls
 i - 5 scrolls of teleportation
 k - a scroll of enchant armour
 l - 2 scrolls of immolation
 r - a scroll of fear
 u - 2 scrolls of identify
 N - a scroll of blinking
 Q - 2 scrolls of magic mapping
Potions
 d - 3 potions of might
 j - 3 potions of invisibility
 m - 4 potions of heal wounds
 o - 2 potions of brilliance
 p - 4 potions of curing
 z - 2 potions of resistance
 B - 3 potions of haste
 I - 3 potions of flight {unknown}
 K - 3 potions of berserk rage {unknown}
 W - a potion of lignification {unknown}


   Skills:
 + Level 12.6 Fighting
 + Level 15.7 Long Blades
 + Level 15.5 Armour
 + Level 4.3 Dodging
 + Level 1.9 Stealth
 + Level 11.9 Shields
 + Level 1.5 Invocations
 + Level 4.9 Evocations


You had 12 spell levels left.
You didn't know any spells.
Your spell library contained the following spells:

 Spells                   Type           Power      Damage    Failure   Level
 Apportation              Tloc           0%         N/A       77%         1
 Beastly Appendage        Tmut           0%         N/A       77%         1
 Sandblast                Erth           0%         2d4       77%         1
 Passwall                 Tmut/Erth      0%         N/A       88%         2
 Wereblood                Tmut           0%         N/A       88%         2
 Conjure Flame            Conj/Fire      0%         6-21      98%         3
 Ignite Poison            Fire/Tmut/Pois 0%         N/A       98%         3
 Spider Form              Tmut/Pois      0%         N/A       98%         3
 Stone Arrow              Conj/Erth      0%         3d7       98%         3
 Sticky Flame             Conj/Fire      0%         2d3       100%        4
 Lehudib's Crystal Spear  Conj/Erth      0%         10d2      100%        8
 Animate Skeleton         Necr           Unusable   N/A       N/A         1
 Summon Small Mammal      Summ           Unusable   N/A       N/A         1
 Call Canine Familiar     Summ           Unusable   N/A       N/A         3
 Summon Guardian Golem    Hex/Summ       Unusable   N/A       N/A         3
 Animate Armour           Summ/Erth      Unusable   N/A       N/A         4

Dungeon Overview and Level Annotations

Branches:
Dungeon (12/15)            Temple (1/1) D:7            Lair (3/6) D:8
  Snake (0/4) Lair:3          Orc (2/2) D:11          Sewer (visited)
  Swamp: Lair:2-4    Shoals: Lair:2-4       Elf: Orc:2

Altars:
Cheibriados
Dithmenos
Gozag
Hepliaklqana
Kikubaaqudgha
Nemelex Xobeh
Okawaru
Qazlal
Sif Muna
Trog
Uskayaw
Wu Jian
Yredelemnul
The Shining One

Shops:
D:5 (=!   D:7 *[   D:8 !(:   Orc:2 [*(

Annotations:
D:12 1 runed translucent door
Lair:2 Casa
Lair:3 Rupert


Innate Abilities, Weirdness & Mutations

You have a pair of horns on your head.
You reflexively headbutt those who attack you in melee.


Message History

The orc knight unwields a +1 halberd.
The orc knight wields a +0 arbalest.
The orc knight shoots a bolt.
The bolt hits you!
The orc sorcerer mumbles some strange words.
The orc sorcerer shimmers violently.
The orc priest mumbles some strange prayers to Beogh against you.
Beogh smites you!
The orc high priest mumbles some strange prayers to Beogh.
The orc sorcerer casts a spell at you. The bolt of fire hits you. You resist.
The orc warlord roars a battlecry!
The orcs go into a battle-frenzy!
The orc knight roars a battlecry!
The orc high priest calls down the wrath of Beogh upon you.
You resist with significant effort.
An orc warrior comes into view. It is wielding a +1 battleaxe of venom.
The orc warrior shouts!
An orc knight comes into view. It is wielding a +0 long sword.
The warg howls!
The orc knight roars a battlecry!
The orcs go into a battle-frenzy!
You block the orc warrior's attack.
The orc sorcerer points at you and mumbles some strange words.
You suddenly lose the ability to move!
The orc knight complains repeatedly.
The orc priest mumbles some strange prayers to Beogh against you.
Beogh smites you!
The orc high priest shouts, "You must be punished!"
The orc warlord roars a battlecry!
The orc knight goes into a battle-frenzy!
The ogre hits you with a +0 giant club!
The orc warrior hits you with a +1 battleaxe of venom!
* * * LOW HITPOINT WARNING * * *
The warg bites you.
* * * LOW HITPOINT WARNING * * *
The orc priest calls down the wrath of Beogh upon you.
Beogh smites you!
* * * LOW HITPOINT WARNING * * *
The orc high priest calls down the wrath of Beogh upon you.
Beogh smites you!
You die...

..P....................... #.
....P........o..<............
.<.
..P......)..o..o.............
...
.............................
#.
.P............4o.............
..)..).......Ooo4............
......#.........o........<...
............)...Oo...........
............[)..@h...........
............[.[).............
..................#.#........
.............)......#........
.............................
.................<...........
.........#...................
........#....................
...#........#......#######..


You could see an orc warlord (strong), 2 orc knights, 2 orc high priests, a
hellwing (summoned), an ice devil (summoned), a warg, an orc sorcerer (strong),
an orc warrior (strong), 2 ogres and an orc priest (strong).

Vanquished Creatures
  Fannar (D:10)
  6 hydras
  3 two-headed ogres
  A death knight (D:12)
  2 centaur warriors
  4 death yaks (Lair:3)
  Urug (Orc:1)
  Sonja (Lair:1)
  2 orc high priests
  Pikel (D:3)
  A deep elf pyromancer (D:9)
  3 ugly things
  An orc knight (Orc:2)
  A cyclops (D:12)
  An orc sorcerer (Orc:2)
  Maurice (D:8)
  3 black mambas (Lair:2)
  6 cane toads
  A torpor snail (Lair:2)
  A gargoyle (D:12)
  3 unseen horrors (D:10)
  2 komodo dragons
  4 trolls
  2 polar bears
  6 blink frogs
  Grinder (D:3)
  4 dream sheep
  3 wraiths
  31 yaks
  2 vampires
  Grum (D:11)
  A wyvern (D:10)
  A basilisk (Lair:2)
  A vampire mosquito (D:11)
  A steam dragon (D:9)
  11 water moccasins
  3 wargs
  An acid dragon (D:11)
  30 orc warriors
  An ice beast (D:5)
  2 black bears
  A sky beast (D:7)
  3 necrophages (D:5)
  3 wolves (D:10)
  15 ogres
  8 centaurs
  2 phantoms
  7 kobold brigands
  8 bullfrogs
  3 gnoll sergeants (D:11)
  3 scorpions
  5 killer bees (D:8)
  6 howler monkeys
  An electric eel (D:8)
  6 centaur zombies
  A bullfrog zombie (D:5)
  A jelly (D:6)
  2 hounds (D:5)
  8 orc priests
  A gnoll shaman (D:5)
  A centaur skeleton (D:7)
  An iguana (D:4)
  16 orc wizards
  A hound skeleton (D:4)
  14 gnolls
  16 adders
  9 river rats (Sewer)
  2 white imps
  2 dart slugs
  45 orcs
  4 bats
  An endoplasm (D:1)
  2 giant cockroaches
  5 goblins
  4 hobgoblins
  3 jackals (D:2)
  30 kobolds
  4 quokkas
  12 ball pythons
  23 rats
431 creatures vanquished.

Vanquished Creatures (others)
  19 fungi
  31 plants
50 creatures vanquished.

Grand Total: 481 creatures vanquished

Notes
Turn   | Place    | Note
-------+----------+-------------------------------------------
     0 | D:1      | Peloso the Minotaur Fighter began the quest for the Orb.
     0 | D:1      | Reached XP level 1. HP: 19/19 MP: 0/0
   116 | D:1      | Found a faded altar of an unknown god.
   419 | D:1      | Reached XP level 2. HP: 27/27 MP: 1/1
  1236 | D:2      | Reached XP level 3. HP: 19/33 MP: 2/2
  2044 | D:3      | Reached XP level 4. HP: 32/40 MP: 3/3
  2485 | D:3      | Found a shimmering blue altar of Sif Muna.
  2485 | D:3      | Found an opulent altar of Gozag.
  2501 | D:3      | Noticed Grinder
  2506 | D:3      | Paralysed by Grinder for 3 turns
  2514 | D:3      | Killed Grinder
  2515 | D:3      | Reached skill level 5 in Long Blades
  2515 | D:3      | Reached skill level 5 in Armour
  2515 | D:3      | Reached skill level 1 in Dodging
  2515 | D:3      | Reached XP level 5. HP: 20/47 MP: 4/4
  2515 | D:3      | Reached XP level 6. HP: 23/53 MP: 5/5
  3234 | D:4      | Found a shadowy altar of Dithmenos.
  3254 | D:4      | Reached skill level 5 in Shields
  3495 | D:4      | Noticed Pikel
  3539 | D:3      | Killed Pikel
  3540 | D:3      | Reached skill level 5 in Fighting
  3540 | D:3      | Reached XP level 7. HP: 31/61 MP: 6/6
  4284 | D:5      | Entered Level 5 of the Dungeon
  4294 | D:5      | Found Attuirr's Distillery.
  4303 | D:5      | Bought a potion of degeneration for 14 gold pieces
  4378 | D:5      | Reached XP level 8. HP: 50/68 MP: 7/7
  4384 | D:5      | Found Zyqullif's Jewellery Emporium.
  4595 | D:5      | Found Veodwokk's Antique Weapon Shop.
  5402 | D:5      | Reached skill level 1 in Stealth
  5564 | D:6      | Found a glowing drain.
  5579 | Sewer    | Entered a sewer
  5966 | Sewer    | Reached XP level 9. HP: 70/75 MP: 8/8
  6988 | D:6      | Identified the ring of Reimbursement {*Slow Str+6 Dex+2
                  | Slay+5}
  7005 | D:6      | Reached skill level 10 in Long Blades
  7483 | D:7      | Found Koganoik's Gadget Gallery.
  7609 | D:7      | Found a staircase to the Ecumenical Temple.
  7770 | D:7      | Found Omiman's Armour Shoppe.
  7773 | D:7      | Noticed a troll
  7778 | D:7      | Killed a troll
  8021 | Temple   | Entered the Ecumenical Temple
  8103 | Temple   | Became a worshipper of Warmaster Okawaru
  8611 | D:8      | Reached * piety under Okawaru
  8853 | D:8      | Reached XP level 10. HP: 86/86 MP: 9/9
  8867 | D:8      | Found Mymearis's Distillery.
  8877 | D:8      | Found a sparkling altar of Nemelex Xobeh.
  8967 | D:8      | Found a staircase to the Lair.
  8996 | D:8      | Found Gidurph's Weapon Emporium.
  9519 | D:8      | Noticed Maurice
  9526 | D:8      | Killed Maurice
  9527 | D:8      | Reached skill level 10 in Armour
  9718 | D:8      | Found Miuheihe's Book Shoppe.
  9927 | D:9      | Noticed a centaur warrior
  9937 | D:9      | Killed a centaur warrior
  9937 | D:9      | Reached ** piety under Okawaru
 10676 | D:9      | Noticed a cyan ugly thing
 10683 | D:9      | Killed a cyan ugly thing
 10948 | D:9      | Noticed a deep elf pyromancer
 10960 | D:9      | Killed a deep elf pyromancer
 10960 | D:9      | Reached *** piety under Okawaru
 11193 | D:10     | Entered Level 10 of the Dungeon
 11198 | D:10     | Noticed Fannar
 11207 | D:10     | Killed Fannar
 11281 | D:10     | Noticed a two-headed ogre
 11296 | D:10     | Killed a two-headed ogre
 11297 | D:10     | Reached XP level 11. HP: 61/95 MP: 10/10
 11506 | D:10     | Reached **** piety under Okawaru
 12156 | D:11     | Noticed a centaur warrior
 12355 | D:11     | Killed a centaur warrior
 12355 | D:11     | Reached ***** piety under Okawaru
 12969 | D:11     | Identified the +6 mace of Linearity {vorpal, rC++ rN+}
                  | (Okawaru gifted it to you on level 11 of the Dungeon)
 12969 | D:11     | Received a gift from Okawaru
 13118 | D:11     | Noticed a four-headed hydra
 13508 | Lair:1   | Entered Level 1 of the Lair of Beasts
 13583 | Lair:1   | Noticed Sonja
 13589 | Lair:1   | Killed Sonja
 13590 | Lair:1   | Reached skill level 10 in Fighting
 13977 | Lair:1   | Identified the +4 falchion "Killer Bee's Regret" {freeze,
                  | *Slow rElec Str+2 Int+3} (Okawaru gifted it to you on level
                  | 1 of the Lair of Beasts)
 13977 | Lair:1   | Received a gift from Okawaru
 13978 | Lair:1   | Reached skill level 1 in Evocations
 13978 | Lair:1   | Reached XP level 12. HP: 105/106 MP: 11/11
 14042 | Lair:1   | Noticed a four-headed hydra
 14049 | Lair:1   | Killed a four-headed hydra
 15607 | Lair:3   | Noticed a six-headed hydra
 15614 | Lair:2   | Reached skill level 15 in Long Blades
 15888 | Lair:3   | Noticed a five-headed hydra
 15995 | Lair:2   | Killed a six-headed hydra
 15995 | Lair:2   | Identified the +2 buckler "Xiotay" {rF+ Str+4 Slay+3
                  | Stlth+} (Okawaru gifted it to you on level 2 of the Lair of
                  | Beasts)
 15995 | Lair:2   | Received a gift from Okawaru
 16058 | Lair:2   | Killed a five-headed hydra
 16165 | Lair:3   | Found a staircase to the Snake Pit.
 16219 | Lair:3   | Noticed a death yak
 16219 | Lair:3   | Noticed a death yak
 16221 | Lair:3   | Noticed a death yak
 16222 | Lair:3   | Noticed a death yak
 16228 | Lair:3   | Killed a death yak
 16239 | Lair:3   | Killed a death yak
 16240 | Lair:3   | Reached skill level 10 in Shields
 16250 | Lair:3   | HP: 2/110 [death yak (20)]
 16253 | Lair:3   | Killed a death yak
 16258 | Lair:3   | Killed a death yak
 16477 | Lair:3   | Noticed a seven-headed hydra
 16487 | Lair:3   | Killed a seven-headed hydra
 16488 | Lair:3   | Reached skill level 1 in Invocations
 16497 | Lair:3   | Reached XP level 13. HP: 101/117 MP: 10/12
 16570 | Lair:3   | Noticed Rupert
 17019 | D:11     | Noticed Grum
 17029 | D:11     | Killed Grum
 17271 | D:11     | Found a staircase to the Orcish Mines.
 17705 | Lair:3   | Paralysed by Rupert for 6 turns
 18020 | D:12     | Found an ornate altar of the Wu Jian Council.
 18119 | D:12     | Received a gift from Okawaru
 18359 | D:12     | Found a runed translucent door.
 18359 | D:12     | Found the brooch of Shielding {Spirit SH+8}
 18509 | D:12     | Reached ****** piety under Okawaru
 18510 | D:12     | Reached skill level 15 in Armour
 18800 | Orc:1    | Entered Level 1 of the Orcish Mines
 18821 | Orc:1    | Noticed Urug
 18844 | Orc:1    | Killed Urug
 19139 | D:7      | Bought the +4 chain mail "Nopp" {rPois Str+5} for 693 gold
                  | pieces
 19275 | Orc:2    | Entered Level 2 of the Orcish Mines
 19495 | Orc:2    | Found Teycam's General Store.
 19512 | Orc:2    | Found Erhat's Antique Armour Shoppe.
 19870 | Orc:2    | Found Wodisset's Antique Weapon Emporium.
 19904 | Orc:2    | Noticed an orc warlord
 19944 | Orc:2    | Paralysed by an orc sorcerer for 6 turns
 19946 | Orc:2    | Killed from afar by an orc high priest

Illustrated notes

Levels and vault maps discovered:
D:1:      dpeg_arrival_rhombi, layout_loops_ring,
          shapermc_ecumenical_altar_ellora
D:2:      layout_basic, minmay_distorted
D:3:      layout_loops_corners, mainiacjoe_overflow_large_starburst,
          minmay_snake_closets, uniq_grinder
D:4:      layout_loops_ring, grunt_dithmenos_smoke_and_mirrors, uniq_pikel
D:5:      layout_basic, serial_shops, shop, shop, nicolae_shop_trees
D:6:      layout_loops_corners, cheibrodos_sewer_entry_sluice
D:7:      layout_cave_pools, minmay_temple_entry_glassed_door, serial_shops,
          nicolae_shop_behind_doors, nicolae_shop_gadgets
D:8:      layout_gridville, mainiacjoe_overflow_alcove_1,
          grunt_lair_entry_orc_guard_hut, serial_shops, shop_statue, shop, shop,
          serial_bayou_lagoon_a, uniq_maurice
D:9:      wad_cavern_with_rooms, layout_small_grid, guppyfry_early_elven_hall
D:10:     layout_rooms, uniq_fannar
D:11:     kennysheep_ambush_hall, layout_basic,
          kennysheep_orc_monster_closet_entryway, uniq_grum
D:12:     layout_loops_ring, minmay_st_funbox,
          nicolae_wu_jian_immortal_techniques
Temple:   dpeg_five_rooms_temple
Lair:1:   layout_chaotic_city, uniq_sonja
Lair:2:   layout_cave_shapes, chequers_serial_rivers_room_a
Lair:3:   layout_small_grid, dummy_snake_entry, uniq_rupert
Orc:1:    layout_diamond_mine, nicolae_shop_clearance, uniq_urug
Orc:2:    grunt_orc_gardens, layout_caves, grunt_orc_garden, grunt_orc_garden,
          grunt_orc_garden, grunt_orc_garden, small_statue_alley_c

Skill      XL: |  1  2  3  4  5  6  7  8  9 10 11 12 13 |
---------------+----------------------------------------+-----
Armour         | 4 5 6 7 8 9 11 12 14 15 | 15.5
Fighting       | 4 5 6 7 8 10 11 12 | 12.6
Shields        | 4 5 6 7 8 9 10 11 | 11.9
Long Blades    | 3 5 6 9 11 13 14 15 | 15.7
Dodging        | 1 2 3 4 |  4.3
Stealth        | 1 |  1.9
Evocations     | 1 4 |  4.9
Invocations    | 1 |  1.5

Action                   |  1- 3 |  4- 6 |  7- 9 | 10-12 | 13-15 || total
-------------------------+-------+-------+-------+-------+-------++-------
Melee: Long sword        |    71 |    69 |       |       |       ||   140
       Headbutt          |     5 |    13 |    55 |    91 |    65 ||   229
       Scimitar          |       |     7 |   272 |   261 |       ||   540
       Falchion          |       |       |       |   127 |   287 ||   414
Invok: Heroism           |       |       |       |     5 |     6 ||    11
Evoke: Wand              |       |       |       |    37 |    20 ||    57
  Use: Scroll            |       |     7 |     5 |     9 |     6 ||    27
       Potion            |       |     2 |       |     2 |       ||     4
 Stab: Paralysed         |       |       |       |     2 |       ||     2
Armor: Scale mail        |    38 |    19 |    29 |       |       ||    86
       Skin              |       |       |     2 |       |       ||     2
       Chain mail        |       |       |   130 |    63 |    44 ||   237
       Plate armour      |       |       |       |   187 |   105 ||   292
Dodge: Dodged            |    40 |    46 |   132 |   155 |   107 ||   480
Block: Buckler           |    23 |    27 |    80 |   144 |   140 ||   414
